 Dungeon Crawl Stone Soup version 0.22-a0-430-g6609fc6 (webtiles) character file.

445 MisterFreud the Spear-Bearer (level 7, -4/50 HPs)
             Began as a Merfolk Gladiator on May 26, 2018.
             Was a Follower of Jiyva.
             Shot with an arrow by a centaur (14 damage)
             ... on level 5 of the Dungeon.
             The game lasted 00:09:39 (3673 turns).

MisterFreud the Spear-Bearer (Merfolk Gladiator)    Turns: 3673, Time: 00:09:40

Health: -4/50      AC:  5    Str: 14    XL:     7   Next: 3%
Magic:  7/7        EV: 11    Int:  9    God:    Jiyva [*.....]
Gold:   254        SH: 10    Dex: 16    Spells: 6/6 levels left

rFire    . . .     SeeInvis .   a - +0 trident
rCold    . . .     Gourm    .   g - +0 shield
rNeg     . . .     Faith    .   b - +0 leather armour
rPois    .         Spirit   .   p - +0 helmet
rElec    .         Reflect  +   n - +0 cloak
rCorr    .         Harm     .   (no gloves)
MR       .....                  (no boots)
Stlth    ++........             t - +3 amulet of reflection
HPRegen  0.16/turn              i - +3 ring of slaying
MPRegen  0.10/turn              s - ring of stealth

@: no status effects
A: change form in water, swift swim, stealthy swim
a: Request Jelly, Renounce Religion


You were on level 5 of the Dungeon.
You worshipped Jiyva.
Jiyva was aware of your devotion.
You were very hungry.

You visited 1 branch of the dungeon, and saw 5 of its levels.

You collected 254 gold pieces.

Inventory:

Hand Weapons
 a - a +0 trident (weapon)
Missiles
 d - 3 throwing nets (quivered)
 r - 9 stones
Armour
 b - a +0 leather armour (worn)
 g - a +0 shield (worn)
 n - a +0 cloak (worn)
 p - a +0 helmet (worn)
Jewellery
 i - a +3 ring of slaying (left hand)
 s - a ring of stealth (right hand)
 t - a +3 amulet of reflection (around neck)
Scrolls
 c - a scroll of fear {unknown}
 h - 2 scrolls of magic mapping {unknown}
 j - 4 scrolls of blinking {unknown}
 k - 5 scrolls of identify {unknown}
 l - a scroll of noise {unknown}
 m - a scroll of teleportation {unknown}
 u - a scroll of enchant weapon {unknown}
Potions
 e - 6 potions of curing {unknown}
 o - 2 potions of heal wounds {unknown}
 q - 2 potions of flight {unknown}
Comestibles
 f - 6 rations


   Skills:
 - Level 2.1 Fighting
 + Level 10.4 Polearms
 - Level 2.0 Throwing
 * Level 4.7 Dodging
 - Level 0.5 Shields


You had 6 spell levels left.
You didn't know any spells.
Your spell library was empty.

Dungeon Overview and Level Annotations

Branches:
Dungeon (5/15)
 Temple: D:4-7

Altars:
Elyvilon
Ru
Trog
Jiyva

Shops:
D:4 (*(}

Annotations:
D:3 p0werm0de's ghost, amateur DDFi


Message History

You reach to attack!
You closely miss the centaur.
The centaur is lightly wounded.
Attack whom?
Press: ? - help, Dir - move target cursor, f/p - centaur
Aim: a centaur, wielding a shortbow (lightly wounded)
You reach to attack!
You puncture the centaur!
The centaur is severely wounded.
The centaur shoots an arrow.
The arrow hits you!
* * * LOW HITPOINT WARNING * * *
The centaur shoots an arrow.
The arrow hits you but does no damage.
You are too injured to fight recklessly!
You are too injured to fight recklessly!
You are too injured to fight recklessly!
Attack whom?
Press: ? - help, Dir - move target cursor, f/p - centaur
Aim: a centaur, wielding a shortbow (severely wounded)
You reach to attack!
You puncture the centaur!
The centaur is almost dead.
The centaur shoots an arrow.
The arrow hits you!
You die...

#### # ... #
.##.#######(# ##
.......?..#.#..##
#.##.......≈c≈...#
.....<..(@≈≈≈...#
.#####............#
........(........$#
#####(........).##
#<.......####
##########


You could see a centaur.

Vanquished Creatures
  Grinder (D:3)
  A centaur skeleton (D:4)
  Natasha (twice) (D:3)
  An orc wizard (D:4)
  Robin (D:3)
  2 adders
  An ooze (D:1)
  4 worms
  2 dart slugs
  4 leopard geckos
  9 orcs (D:3)
  6 bats
  6 giant cockroaches
  7 hobgoblins
  2 jackals (D:1)
  2 quokkas
  3 ball pythons
  10 frilled lizards
  15 goblins
  9 kobolds
  A leopard gecko skeleton (D:2)
  10 rats
99 creatures vanquished.

Vanquished Creatures (others)
  An orc (D:4)
1 creature vanquished.

Grand Total: 100 creatures vanquished

Notes
Turn   | Place    | Note
-------+----------+-------------------------------------------
     0 | D:1      | MisterFreud the Merfolk Gladiator began the quest for the Orb.
     0 | D:1      | Reached XP level 1. HP: 16/16 MP: 1/1
   180 | D:1      | Reached skill level 5 in Polearms
   180 | D:1      | Reached XP level 2. HP: 22/22 MP: 2/2
   427 | D:1      | Reached skill level 6 in Polearms
   427 | D:1      | Reached XP level 3. HP: 27/27 MP: 3/3
   881 | D:2      | Reached XP level 4. HP: 19/33 MP: 4/4
   922 | D:2      | Reached skill level 7 in Polearms
  1488 | D:3      | Noticed Robin
  1529 | D:3      | Killed Robin
  1529 | D:3      | Reached skill level 8 in Polearms
  1621 | D:3      | Noticed p0werm0de's ghost (amateur DDFi)
  1652 | D:4      | Reached XP level 5. HP: 6/38 MP: 5/5
  1919 | D:4      | Found Leappol's Assorted Antiques.
  2002 | D:3      | Found a bloodstained altar of Trog.
  2178 | D:3      | Noticed Grinder
  2194 | D:3      | Killed Grinder
  2194 | D:3      | Reached skill level 10 in Polearms
  2194 | D:3      | Reached XP level 6. HP: 3/44 MP: 6/6
  2488 | D:3      | Noticed Natasha
  2491 | D:3      | Killed Natasha
  2608 | D:3      | Noticed Natasha
  2617 | D:3      | Killed Natasha
  2638 | D:3      | Found a faded altar of an unknown god.
  2745 | D:3      | Became a worshipper of Jiyva Jutt the Shapeless
  2745 | D:3      | Reached * piety under Jiyva
  2934 | D:4      | Found Eplah's Gadget Emporium.
  3031 | D:4      | Found a sacrificial altar of Ru.
  3040 | D:4      | Reached XP level 7. HP: 50/50 MP: 7/7
  3064 | D:4      | Found Eteles's Weapon Shoppe.
  3231 | D:4      | Found Nomnuutiepn's Antique Weapon Emporium.
  3516 | D:4      | Found a white marble altar of Elyvilon.
  3663 | D:5      | Entered Level 5 of the Dungeon
  3673 | D:5      | Shot with an arrow by a centaur

Vault maps used:
D:1:      dpeg_arrival_simpleton_b, minmay_lizard_king
D:2:      first_ration, minmay_misc_feat_four_crosses
D:3:      nicolae_overflow_crystal_walls, chequers_ecumenical_altar_grove,
          uniq_robin, uniq_natasha, uniq_grinder
D:4:      lemuel_coloured_pillars_altar, serial_shops, nicolae_shop_stone,
          kennysheep_mini_moat, shop, shop, minivault_11,
          nicolae_ru_great_annihilating_truth
D:5:      serial_shops, nicolae_shop_waterfront, kb_lookout_dungeons_type,
          uniq_prince_ribbit1, uniq_ijyb, uniq_blork_the_orc

Skill      XL: |  1  2  3  4  5 |
---------------+----------------+-----
Polearms       | 5 6 8 10 | 10.4
Fighting       | |  2.1
Throwing       | |  2.0
Dodging        | |  4.7
Shields        | |  0.5

Action                   |  1- 3 |  4- 6 |  7- 9 || total
-------------------------+-------+-------+-------++-------
Melee: Trident           |    91 |   145 |    10 ||   246
Invok: Request Jelly     |       |     2 |     1 ||     3
 Stab: Sleeping          |     1 |     7 |     1 ||     9
       Paralysed         |       |       |     2 ||     2
  Eat: Chunk             |       |     4 |       ||     4
       Ration            |       |     1 |       ||     1
Armor: Leather armour    |    15 |    15 |     1 ||    31
Dodge: Dodged            |    36 |    38 |     1 ||    75
Block: Shield            |     8 |    18 |     1 ||    27

Table legend:
 A = Spawn XP
 B = Non-spawn XP
 C = Spawn XP percentage of total XP
 D = Spawn monster count
 E = Non-spawn monster count
 F = Spawn count percentage of total count
 G = Total turns spent on level
                    A         B        C        D         E        F      G
               +---------+---------+-------+---------+---------+-------+---------
         Total |       0 |     636 |   0.0 |       0 |      99 |   0.0 |  3673
               +---------+---------+-------+---------+---------+-------+---------
           D:1 |       0 |      39 |   0.0 |       0 |      21 |   0.0 |   672
           D:2 |       0 |      56 |   0.0 |       0 |      27 |   0.0 |   725
           D:3 |       0 |     446 |   0.0 |       0 |      43 |   0.0 |  1229
           D:4 |       0 |      95 |   0.0 |       0 |       8 |   0.0 |  1037
               +---------+---------+-------+---------+---------+-------+---------
